AoeStats
← RoR | Vodka_L_2

Arabia

510507664Analyzed
1v1 RM · 1d ago on Oct 1, 2026· 38m 27s· 2 players
Game mode
Random Map
Map size
Tiny (2 player)
Population
200
Speed
Normal
Resources
Standard
Victory
Conquest
Starting age
Dark Age
Ending age
Imperial Age
RankedLock teamsTeams togetherTeam positionsShared explorationLock speedFull tech treeHidden civsTurbo modeCheats
Victory
Defeat
🇮🇹 Japanese · Italy
2514
+4
🇨🇳 Italians · China
2169
-4
RoR | Vodka_L_2
7:50 Loom
10:01 Feudal Age
10:39 Double-Bit Axe
18:45 Castle Age
17:01 Horse Collar
17:38 Fletching
17:39 Gold Mining
18:48 Crossbowman
19:24 Bodkin Arrow
20:32 Bow Saw
20:59 Town Watch
28:23 Wheelbarrow
31:37 Imperial Age
29:14 Stone Mining
30:10 Padded Archer Armor
31:19 Hand Cart
30:58 Elite Skirmisher
31:54 Leather Archer Armor
32:30 Bracer
33:23 Ballistics
35:00 Chemistry
34:54 Ring Archer Armor
34:40 Heavy Plow
35:41 Scale Mail Armor
35:42 Squires
36:38 Conscription
37:02 Kataparuto
37:31 Chain Mail Armor
37:14 Elite Samurai
38:52 Plate Mail Armor
江东小霸王
5:08 Loom
8:12 Feudal Age
10:48 Double-Bit Axe
19:30 Castle Age
18:01 Horse Collar
18:37 Fletching
19:40 Padded Archer Armor
19:31 Elite Skirmisher
20:19 Bodkin Arrow
22:55 Ballistics
23:26 Leather Archer Armor
26:06 Bow Saw
29:21 Gold Mining
30:17 Wheelbarrow
30:20 Town Watch
34:36 Imperial Age
32:15 Crossbowman
36:16 Chemistry
35:18 Bracer
36:02 Conscription
36:33 Ring Archer Armor
37:28 Chemistry
36:51 Masonry
Connection lost

Rejoining the realm…

Still unreachable

The connection could not be restored.

Session expired

The server has moved on; the page needs a fresh start.